 Dungeon Sprint DCSS version 0.30-a0-222-ge547ba4400 (webtiles) character file.

Game seed: 4490528297949209299

308 rocky1 the Carver (level 6, -7/53 HPs)
             Began as a Merfolk Gladiator on Oct 9, 2022.
             Mangled by a merfolk siren
             ... wielding a +0 trident
              (21 damage)
             ... in the Dungeon (Sprint II: "The Violet Keep of Menkaure").
             The game lasted 00:00:35 (54 turns).

rocky1 the Carver (Merfolk Gladiator)                 Turns: 54, Time: 00:00:35

Health: -7/53      AC:  4    Str: 15    XL:     6   Next: 40%
Magic:  6/6        EV: 16    Int:  7    God:
Gold:   0          SH:  0    Dex: 17    Spells: 5/5 levels left

rFire   . . .      SeeInvis .    a - +0 long sword
rCold   . . .      Faith    .    (no shield)
rNeg    . . .      Spirit   .    b - +0 leather armour
rPois   .          Reflect  .    c - +0 helmet
rElec   .          Harm     .    (no cloak)
rCorr   .          Rampage  .    (no gloves)
Will    .....      NoTele   +    (no boots)
Stlth   +.........               (no amulet)
HPRegen 0.28/turn                (no ring)
MPRegen 0.10/turn                (no ring)

@: no status effects
A: (nimble swimmer 2), mertail
a: no special abilities


You were in the Dungeon.
You visited 1 branch

Inventory:

Hand Weapons
 a - a +0 long sword (weapon)
Missiles
 d - a throwing net (quivered)
 e - a javelin
Armour
 b - a +0 leather armour (worn)
 c - a +0 helmet (worn)
Scrolls
 k - a scroll of blinking
Potions
 f - a potion of curing
 g - a potion of heal wounds
 h - a potion of haste
 i - 2 potions of magic


   Skills:
 + Level 6.7 Fighting
 * Level 10.5 Long Blades
 - Level 2.0 Throwing
 + Level 4.2 Armour
 + Level 8.6 Dodging


You had 5 spell levels left.
You didn't know any spells.
Your spell library was empty.

Dungeon Overview and Level Annotations

Branches:
Dungeon (1/1)

Altars:


Innate Abilities, Weirdness & Mutations

((You are very nimble when in or above water. (Stealth+, EV+, Speed+++)))
Your lower body shifts to a powerful aquatic tail in water.


Message History

You feel yourself slow down.
There is an open door, spattered with blood here.
You see here a wyvern corpse.
You start resting.
You feel yourself speed up.
You start resting.
Menkaure, Prince of Dust comes into view.
Found 243 gold pieces.
You recover from your berserk rage.
Throw: 3 throwing nets
Press: ? - help, Q - select action, (/) - cycle Shift-Dir - straight line, f - Menkaure
Aim: Menkaure (severely damaged, wandering, hasn't noticed you, 77% to hit)
You throw a throwing net.
The throwing net barely misses Menkaure.
Menkaure hits you.
Throw: 2 throwing nets
Press: ? - help, Q - select action, (/) - cycle Shift-Dir - straight line, f/p - Menkaure
Aim: Menkaure (severely damaged, 77% to hit)
You throw a throwing net. The throwing net hits Menkaure.
Menkaure is caught in the net!
Menkaure is severely damaged.
Menkaure struggles against the net.
You hit Menkaure but do no damage.
Menkaure is severely damaged.
Menkaure gestures wildly while chanting.
Menkaure seems to speed up.
Menkaure struggles against the net.
You hear a shout!
You hit Menkaure but do no damage.
Menkaure is severely damaged.
A merfolk siren comes into view. It is wielding a +0 trident.
You slash Menkaure!
Menkaure is almost destroyed.
Menkaure calls on the powers of darkness!
The merfolk siren convulses!
Your body is wracked with pain!
* * * LOW HITPOINT WARNING * * *
Menkaure struggles against the net.
You hit Menkaure.
You destroy Menkaure!
The merfolk siren hits you from afar with a +0 trident!!
You die...

## #+#
#.#
##.##.#
+.<@†#
##(##.#
#m# #.#
.$ ##
..# ##.
##


You could see a merfolk siren.

Vanquished Creatures
  2 wyverns (D)
  Menkaure (D)
3 creatures vanquished.

Notes
Turn   | Place    | Note
-------+----------+-------------------------------------------
     0 | D        | rocky1 the Merfolk Gladiator began the quest for the Orb.
     0 | D        | Reached XP level 1. HP: 16/16 MP: 1/1
     1 | D        | Noticed a wyvern
     1 | D        | Noticed a wyvern
    12 | D        | Killed a wyvern
    13 | D        | Reached skill level 5 in Fighting
    13 | D        | Reached skill level 8 in Long Blades
    13 | D        | Reached XP level 2. HP: 17/27 MP: 2/2
    13 | D        | Reached XP level 3. HP: 21/33 MP: 3/3
    13 | D        | Reached XP level 4. HP: 25/39 MP: 4/4
    13 | D        | Reached XP level 5. HP: 29/44 MP: 5/5
    16 | D        | Killed a wyvern
    17 | D        | Reached skill level 10 in Long Blades
    17 | D        | Reached XP level 6. HP: 25/53 MP: 6/6
    47 | D        | Noticed Menkaure
    52 | D        | Noticed a merfolk siren
    54 | D        | Killed Menkaure
    54 | D        | Mangled by a merfolk siren

Illustrated notes

Levels and vault maps discovered:
D:        the_violet_keep_of_menkaure [sprint2_stairs_cluster_1,
          sprint2_shoproom, sprint2_temple, sprint2_basic_supplies,
          sprint2_obstacle_4, sprint2_obstacle_5, sprint2_obstacle_3,
          sprint2_obstacle_1, sprint2_obstacle_2, sprint2_timed_cluster_1,
          sprint2_smallroom_cluster_1, sprint2_smallroom_final_cluster_1,
          sprint2_transparent_cluster_1, sprint2_second_timed_cluster_1,
          sprint2_sniper_area_1, sprint2_heavy_combat_area_1,
          sprint2_mutation_trap_area_1, sprint2_forest_area_1,
          sprint2_light_combat_area_1, sprint2_behind_water_1,
          sprint2_near_end_vault_1]

Skill      XL: |  1  2  3  4  5 |
---------------+----------------+-----
Fighting       | 5 6 |  6.7
Long Blades    | 8 10 | 10.5
Armour         | 3 4 |  4.2
Dodging        | 7 8 |  8.6
Throwing       | |  2.0

Action                   |  1- 3 |  4- 6 || total
-------------------------+-------+-------++-------
Melee: Long sword        |    10 |     8 ||    18
Throw: Throwing net      |       |     2 ||     2
  Use: Potion            |     1 |       ||     1
Armor: Leather armour    |     3 |       ||     3
Dodge: Dodged            |     6 |     2 ||     8

Table legend: (Time is in decaauts)
 A = Elapsed time spent in this place.
 B = Non-inter-level travel time spent in this place.
 C = Inter-level travel time spent in this place.
 D = Time resting spent in this place.
 E = Time spent auto-exploring this place.
 F = Levels seen in this place.
 G = Mean time per level.
                   A        B        C        D        E       F      G
               +--------+--------+--------+--------+--------+-----+--------+
         Total |     59 |     59 |      0 |     40 |      0 |   1 |   59.0 |
       Dungeon |     59 |     59 |      0 |     40 |      0 |   1 |   59.0 |
               +--------+--------+--------+--------+--------+-----+--------+

Top non-repeatable levels by time:
       D: 59 daAuts
